 Dungeon Crawl Stone Soup version 0.27.0-1-g7a089689b8 (webtiles) character file.

Game seed: 2460598323718177314

224 bnorton916 the Conjurer (level 5, -12/28 HPs)
             Began as a Deep Elf Conjurer on Aug 17, 2021.
             Mangled by an orc warrior (16 damage)
             ... on level 3 of the Dungeon.
             The game lasted 00:04:46 (3726 turns).

bnorton916 the Conjurer (Deep Elf Conjurer)         Turns: 3726, Time: 00:04:46

Health: -12/28     AC:  3    Str: 10    XL:     5   Next: 67%
Magic:  6/15       EV: 12    Int: 24    God:
Gold:   160        SH:  0    Dex: 13    Spells: 4/15 levels left

rFire    . . .     SeeInvis .   c - +1 dagger (drain)
rCold    . . .     Faith    .   (no shield)
rNeg     . . .     Spirit   .   a - +0 robe
rPois    .         Reflect  .   l - +0 helmet
rElec    .         Harm     .   (no cloak)
rCorr    .         Rampage  .   (no gloves)
Will     .....                  (no boots)
Stlth    ++........             (no amulet)
HPRegen  0.09/turn              e - +4 ring of slaying
MPRegen  0.14/turn              o - +6 ring of strength

@: no status effects
A: no striking features
a: no special abilities


You were on level 3 of the Dungeon.
You visited 1 branch of the dungeon, and saw 4 of its levels.

You collected 160 gold pieces.

Inventory:

Hand Weapons
 c - a +1 dagger of draining (weapon)
 p - a +2 dagger of speed
 q - a +2 dagger of freezing
 s - a +1 dagger of electrocution
Missiles
 r - 14 poisoned darts
 t - 11 stones
Armour
 a - a +0 robe (worn)
 l - a +0 helmet (worn)
Jewellery
 e - a +4 ring of slaying (left hand)
 o - a +6 ring of strength (right hand)
Scrolls
 b - 2 scrolls of teleportation {unknown}
 d - 4 scrolls of amnesia {unknown}
 m - 5 scrolls of identify {unknown}
 u - 2 scrolls of fear {unknown}
Potions
 f - a potion of haste {unknown}
 g - a potion of degeneration {unknown}
 h - a potion of might {unknown}
 i - a potion of curing {unknown}
 j - a potion of cancellation {unknown}
 k - a potion of flight {unknown}
 n - a potion of heal wounds {unknown}


   Skills:
 - Level 2.4 Dodging
 - Level 2.4 Stealth
 + Level 5.6 Spellcasting
 + Level 6.0 Conjurations
 + Level 1.7 Hexes
 + Level 1.3 Translocations


You had 4 spell levels left.
You knew the following spells:

 Your Spells              Type           Power      Damage    Failure   Level
a - Magic Dart            Conj           100%       1d8       1%          1
b - Searing Ray           Conj           70%        3d5       1%          2
c - Fulminant Prism       Conj/Hex       12%        3d9       17%         4
d - Iskenderun's Mystic   Conj/Tloc      24%        2d7       19%         4

Your spell library contained the following spells:

 Spells                   Type           Power      Damage    Failure   Level
 Dazzling Flash           Conj/Hex       50%        N/A       4%          3
 Slow                     Hex            15%        N/A       6%          2
 Confusing Touch          Hex            15%        N/A       12%         3
 Ozocubu's Armour         Ice            6%         N/A       24%         3
 Summon Ice Beast         Ice/Summ       6%         N/A       63%         4
 Summon Mana Viper        Hex/Summ       11%        N/A       85%         5
 Yara's Violent Unravell  Hex/Tmut       5%         3d4       85%         5
 Monstrous Menagerie      Summ           3%         N/A       100%        7
 Ozocubu's Refrigeration  Ice            3%         4d5       100%        7


Dungeon Overview and Level Annotations

Branches:
Dungeon (4/15)
 Temple: D:4-7

Altars:
Yredelemnul


Message History

Press: ? - help, Shift-Dir - straight line, f/p - orc warrior
Aim: an orc warrior, wielding a +0 glaive and wearing a +0 chain mail (100% to hit)
The magic dart hits the orc warrior but does no damage.
Casting: Magic Dart (safe; 1% risk of failure)
Confirm with . or Enter, or press ? or * to list all spells.
Aiming: Magic Dart (safe; 1% risk of failure)
Press: ? - help, Shift-Dir - straight line, f/p - orc warrior
Aim: an orc warrior, wielding a +0 glaive and wearing a +0 chain mail (100% to hit)
The magic dart hits the orc warrior but does no damage.
The ufetubus shouts!
The orc warrior closely misses you.
There is a stone staircase leading up here.
Casting: Magic Dart (safe; 1% risk of failure)
Confirm with . or Enter, or press ? or * to list all spells.
Aiming: Searing Ray (safe; 1% risk of failure)
Press: ? - help, Shift-Dir - straight line, f/p - orc warrior
Aim: an orc warrior, wielding a +0 glaive and wearing a +0 chain mail (78% to hit)
The searing ray hits the orc warrior.
The orc warrior is lightly wounded. (Press . to maintain the ray.)
You hear a shout!
The orc warrior hits you with a +0 glaive.
The searing ray hits the orc warrior.
The orc warrior is lightly wounded.
The orc priest mumbles some strange prayers to Beogh against you.
Beogh smites you!
The orc warrior hits you with a +0 glaive!
* * * LOW HITPOINT WARNING * * *
The ufetubus closely misses you. x2
You climb upwards.
There is a stone staircase leading down here.
Casting: Searing Ray (safe; 1% risk of failure)
Confirm with . or Enter, or press ? or * to list all spells.
The spell is extremely dangerous to cast (19% risk of failure)!
Continue anyway?
You erupt in a blast of force!
The mystic blast hits the orc warrior but does no damage.
The orc warrior is lightly wounded.
The orc warrior hits you with a +0 glaive!
Ouch! That really hurt!
You die...

..# #...................#
#.#####.......#.####.####.#
...........##.#.# #.####.#
#.###.......#.#.# #......#
#)###.##...<#.#.# #..#...#
#.............#.# #.###..#
#####.........#.# ##.#...#
#.........#.######.#..#
#.......#.#.@o..##.#..#
#..................#..#####
##......#######.#..#......#
#..###.# #.#..#.####.# ##
#..# #.# #.#..#.# #.# .##
#..# #.#######.#..#.# #.#
..## #..# #.##.........#.#
#.#
...###..###.#............#
#.#
....................#.####
#.#


You could see an orc warrior.

Vanquished Creatures
  Jessica (D:2)
  An orc wizard (D:4)
  Robin (D:2)
  9 adders
  2 worms
  3 dart slugs (D:3)
  8 ball pythons
  6 bats
  6 endoplasms
  A giant cockroach (D:1)
  9 goblins
  4 hobgoblins
  7 kobolds
  4 quokkas
  5 frilled lizards
  4 rats
71 creatures vanquished.

Notes
Turn   | Place    | Note
-------+----------+-------------------------------------------
     0 | D:1      | bnorton916 the Deep Elf Conjurer began the quest for the
                  | Orb.
     0 | D:1      | Reached XP level 1. HP: 10/10 MP: 6/6
   158 | D:1      | Reached XP level 2. HP: 15/15 MP: 5/8
   725 | D:1      | Learned a level 2 spell: Searing Ray
   728 | D:2      | Reached skill level 5 in Conjurations
   728 | D:2      | Reached XP level 3. HP: 19/19 MP: 8/10
  1099 | D:2      | Noticed Jessica
  1103 | D:2      | Killed Jessica
  1246 | D:2      | Reached XP level 4. HP: 24/24 MP: 8/12
  1369 | D:2      | Reached skill level 5 in Spellcasting
  1816 | D:2      | Noticed Robin
  1824 | D:2      | Killed Robin
  2092 | D:3      | Found a basalt altar of Yredelemnul.
  2123 | D:3      | Found a faded altar of an unknown god.
  2233 | D:3      | Learned a level 4 spell: Fulminant Prism
  2238 | D:3      | Learned a level 4 spell: Iskenderun's Mystic Blast
  2466 | D:3      | Reached XP level 5. HP: 27/28 MP: 7/14
  2652 | D:3      | Reached skill level 1 in Hexes
  3131 | D:3      | Reached skill level 1 in Translocations
  3296 | D:4      | Noticed an orc warrior
  3599 | D:4      | Reached skill level 6 in Conjurations
  3726 | D:3      | Mangled by an orc warrior

Illustrated notes

Levels and vault maps discovered:
D:1:      tarquinn_simple_flora_water_b, layout_rooms
D:2:      layout_loops_ring, st_stairs_11, uniq_robin, uniq_jessica
D:3:      layout_loops_ring, mainiacjoe_overflow_tiny_flanked,
          basic_ecumenical_altar, minmay_randomly_rotated_circles
D:4:      layout_cave_pools, minivault_23, uniq_ijyb

Skill      XL: |  1  2  3  4  5 |
---------------+----------------+-----
Spellcasting   | 4 5 |  5.6
Conjurations   | 5 6 |  6.0
Hexes          | 1 |  1.7
Translocations | 1 |  1.3
Dodging        | |  2.4
Stealth        | |  2.4

Action                   |  1- 3 |  4- 6 || total
-------------------------+-------+-------++-------
Melee: Dagger            |     9 |       ||     9
 Cast: Magic Dart        |    55 |    93 ||   148
       Searing Ray       |       |     9 ||     9
       Iskenderun's Myst |       |     1 ||     1
Armor: Robe              |     2 |     4 ||     6
Dodge: Dodged            |    18 |    14 ||    32
